 Dungeon Crawl Stone Soup version 0.31-a0-988-g08d55dae12 (webtiles) character file.

Game seed: 7582313254010827728

3731 Azuregosa the Covert (level 10, -7/63 HPs)
             Began as an Octopode Delver on Nov 5, 2023.
             Was a Priest of Dithmenos.
             Mangled by Snorg (27 damage)
             ... on level 10 of the Dungeon.
             The game lasted 00:53:02 (8222 turns).

Azuregosa the Covert (Octopode Delver)              Turns: 8222, Time: 00:53:03

Health: -7/63      AC:  5    Str: 12    XL:     10   Next: 14%
Magic:  17/19      EV: 18    Int: 25    God:    Dithmenos [***...]
Gold:   60         SH:  0    Dex: 18    Spells: 9/21 levels left

rFire   + . .        D - +3 shortbow "Ydynewki" {heavy, Drain rPois Int+2 Dex+5}
rCold   + . .        (shield currently unavailable)
rNeg    . . .        (helmet restricted)
rPois   +            M - amulet of faith
rElec   .            n - +4 ring of protection
rCorr   .            s - +5 ring of evasion
SInv    .            l - ring of willpower
Will    +....        z - ring of protection from cold
Stlth   +++++++      N - +6 ring of intelligence
HPRegen 0.30/turn    H - ring of protection from fire
MPRegen 0.16/turn    (no ring)
                     (no ring)

%: faith
@: freezing walls, wreathed by umbra
A: almost no armour, amphibious, 8 rings, camouflage 1, gelatinous body 1,
(nimble swimmer 1), tentacles
a: Renounce Religion, Shadow Step


You were on level 10 of the Dungeon.
You worshipped Dithmenos.
Dithmenos was most pleased with you.
You visited 2 branches of the dungeon, and saw 11 of its levels.
You also visited: Ossuary.

You collected 600 gold pieces.
You spent 540 gold pieces at shops.

Inventory:

Hand Weapons
 a - a +0 spear
 m - a +0 orcbow
 D - the +3 shortbow "Ydynewki" (weapon) {heavy, Drain rPois Int+2 Dex+5}
   (You found it on level 3 of the Dungeon)

   Int+2:     It affects your intelligence (+2).
   Dex+5:     It affects your dexterity (+5).
   rPois:     It protects you from poison Drain: It drains your maximum health
   when unequipped.
Missiles
 j - 72 stones
 w - 14 boomerangs
 y - 19 poisoned darts
Armour
 h - a +0 buckler
 V - an orb of guile
Jewellery
 i - a ring of ice
 l - a ring of willpower (on tentacle)
 n - a +4 ring of protection (left tentacle)
 s - a +5 ring of evasion (right tentacle)
 x - an amulet of faith
 z - a ring of protection from cold (on tentacle)
 H - a ring of protection from fire (on tentacle)
 M - an amulet of faith (around mantle)
 N - a +6 ring of intelligence (on tentacle)
Talismans
 G - a flux talisman
Wands
 f - a wand of digging (3)
 E - a wand of mindburst (30)
Scrolls
 b - 3 scrolls of fog
 d - 4 scrolls of fear
 k - a scroll of teleportation
 q - 3 scrolls of enchant weapon
 t - a scroll of summoning
 u - 3 scrolls of noise
 C - a scroll of blinking
 I - 2 scrolls of enchant armour
 L - 2 scrolls of vulnerability
 O - a scroll of amnesia
 P - a scroll of immolation
 R - a scroll of torment
 W - a scroll of identify
Potions
 c - 3 potions of brilliance {unknown}
 e - 2 potions of cancellation {unknown}
 g - 2 potions of mutation {unknown}
 o - a potion of enlightenment {unknown}
 p - 3 potions of attraction {unknown}
 r - 5 potions of heal wounds
 v - 3 potions of curing
 A - a potion of invisibility {unknown}
 B - a potion of resistance {unknown}
 F - 2 potions of degeneration {unknown}
 J - 3 potions of lignification
 K - a potion of might
 Q - 3 potions of haste
 S - a potion of ambrosia {unknown}
 T - a potion of berserk rage
 U - a potion of magic {unknown}


   Skills:
 - Level 3.2 Fighting
 - Level 2.0 Polearms
 + Level 7.9 Ranged Weapons
 - Level 2.0 Dodging
 - Level 9.0 Stealth
 - Level 6.0 Spellcasting
 + Level 4.7 Hexes
 - Level 7.0 Ice Magic


You had 9 spell levels left.
You knew the following spells:

 Your Spells              Type           Power      Damage    Failure   Level
a - Freeze                Ice            100%       1d10      1%          1
b - Frozen Ramparts       Ice            84%        1d13      1%          3
c - Hailstorm             Conj/Ice       25%        3d7       5%          3
d - Silence               Hex/Air        9%         N/A       61%         5

Your spell library contained the following spells:

 Spells                   Type           Power      Damage    Failure   Level
 Magic Dart               Conj           28%        1d4       8%          1
 Dazzling Flash           Conj/Hex       38%        N/A       9%          3
 Call Imp                 Summ           14%        N/A       11%         2
 Mephitic Cloud           Conj/Pois/Air  7%         N/A       22%         3
 Agony                    Necr           7%         N/A       90%         5
 Simulacrum               Ice/Necr       12%        N/A       95%         6
 Ozocubu's Refrigeration  Ice            21%        4d12      98%         7
 Polar Vortex             Ice            21%        12d2*     100%        9


Dungeon Overview and Level Annotations

Branches:
Dungeon (10/15)            Temple (1/1) D:6            Lair (0/5) D:9
Ossuary (visited)
    Orc: D:9-12

Altars:
Ashenzari
Cheibriados
Dithmenos
Elyvilon
Fedhas
Gozag
Hepliaklqana
Kikubaaqudgha
Makhleb
Nemelex Xobeh
Okawaru
Qazlal
Ru
Sif Muna
Trog
Uskayaw
Vehumet
Wu Jian
Xom
Yredelemnul
Zin
The Shining One

Shops:
D:1 !

Annotations:
D:10 Snorg
Temple 2 transporters


Innate Abilities, Weirdness & Mutations

You cannot wear most types of armour.
You are amphibious.
You can wear up to eight rings at the same time.
Your skin changes colour to match your surroundings (Stealth+).
Your rubbery body absorbs attacks. (AC +1, EV +1)
((You are camouflaged when in or above water. (Stealth+)))
You have tentacles for arms and can constrict up to eight enemies at once.


Message History

You can access your shopping list by pressing '$'.
You now have 60 gold pieces (gained 22).
Snorg the Insatiable comes into view.
Fire: D) +3 shortbow "Ydynewki" {heavy, Drain rPois Int+2 Dex+5}
Press: ? - help, Q - select action, (/) - cycle Shift-Dir - straight line, f - Snorg
Aim: Snorg (asleep, 98% to hit)
Okay, then.
Casting: Hailstorm (dangerous; 5% risk of failure)
Confirm with . or Enter, or press ? or * to list all spells.
Casting: Frozen Ramparts (safe; 1% risk of failure)
Press: ? - help, Dir - look around, f - activate This square is wreathed by an umbra.
The walls around you are covered in ice.
Snorg shouts!
The wall freezes Snorg!
Fire: D) +3 shortbow "Ydynewki" {heavy, Drain rPois Int+2 Dex+5}
Press: ? - help, Q - select action, (/) - cycle Shift-Dir - straight line, f - Snorg
Aim: Snorg (lightly wounded, umbra, 68% to hit)
You shoot an arrow. The arrow hits Snorg!
Snorg is lightly wounded.
The wall freezes Snorg. x2; Snorg bites you but does no damage.
Snorg completely misses you. Snorg closely misses you.
You shoot an arrow. The arrow hits Snorg!
Snorg is moderately wounded.
The wall freezes Snorg!
Snorg goes berserk!
You shoot an arrow. The arrow hits Snorg!!
Snorg is heavily wounded.
The wall freezes Snorg!
Snorg bites you! Snorg claws you but does no damage. Snorg claws you!
The wall freezes Snorg.
Snorg barely misses you.
Snorg misses you. x2; The wall freezes Snorg!
Snorg misses you. x3
You shoot an arrow. The arrow hits Snorg!!
Snorg is severely wounded.
The wall freezes Snorg!
Snorg misses you. Snorg claws you but does no damage.
Snorg completely misses you.
The wall freezes Snorg!
Snorg bites you! Snorg closely misses you. Snorg barely misses you.
You shoot an arrow. The arrow hits Snorg!
Snorg is almost dead.
The wall freezes Snorg.
Snorg bites you. Snorg claws you! Snorg completely misses you.
The wall freezes Snorg.
Snorg bites you!!
You die...

#### #.#####.# .
..# #.# #.# .. #.#
#.# #.#
#.###.###.# #.#
.<.#...##.# #.#
..........# #.#
#..#...########.#
#.
##<..........#####
###########!@T..#
#!###.# #... #
#... #...# #####


You could see Snorg (berserk).

Vanquished Creatures
  Pikel (D:5)
  Prince Ribbit (D:6)
  Sigmund (D:6)
  A wraith (D:8)
  A steam dragon (D:7)
  A water moccasin (D:6)
  2 orc warriors (D:8)
  An ice beast (D:7)
  A black bear (D:8)
  3 ogres
  A centaur (D:8)
  A phantom (D:5)
  3 lemures (D:5)
  A kobold brigand (D:7)
  A gnoll sergeant (D:6)
  5 scorpions
  7 killer bees
  2 howler monkeys
  3 hounds
  4 orc priests
  Jessica (D:3)
  6 iguanas
  8 orc wizards
  8 mummies (Ossuary)
  5 gnolls (D:6)
  7 adders
  A white imp (D:5)
  5 worms
  3 dart slugs
  33 orcs
  7 ball pythons
  8 endoplasms
  2 giant cockroaches
  4 goblins
  11 hobgoblins
  2 jackals (D:1)
  14 kobolds
  2 quokkas
  8 bats
  A frilled lizard (D:1)
  2 gnoll zombies (Ossuary)
  2 kobold zombies (Ossuary)
  4 orc zombies (Ossuary)
  10 rats
195 creatures vanquished.

Notes
Turn   | Place    | Note
-------+----------+-------------------------------------------
     0 | D:5      | Azuregosa the Octopode Delver began the quest for the Orb.
     0 | D:5      | Reached XP level 1. HP: 16/16 MP: 1/1
    37 | D:5      | Reached skill level 7 in Stealth
    37 | D:5      | Reached XP level 2. HP: 21/21 MP: 2/2
   176 | D:3      | Reached XP level 3. HP: 16/26 MP: 3/3
   256 | D:2      | Reached skill level 8 in Stealth
   261 | D:2      | Learned a level 1 spell: Freeze
   565 | D:2      | Reached XP level 4. HP: 28/31 MP: 4/4
   985 | D:1      | Reached skill level 9 in Stealth
  1183 | D:1      | Found Moosud's Distillery.
  1187 | D:1      | Bought a potion of curing for 36 gold pieces
  1876 | D:3      | Reached skill level 1 in Ice Magic
  1964 | D:3      | Found a shadowy altar of Dithmenos.
  1965 | D:3      | Identified the +3 shortbow "Ydynewki" {heavy, Drain rPois
                  | Int+2 Dex+5}
  2083 | D:3      | Noticed Jessica
  2087 | D:3      | Killed Jessica
  2088 | D:3      | Reached XP level 5. HP: 36/36 MP: 5/5
  2177 | D:3      | Reached skill level 1 in Ranged Weapons
  2446 | D:4      | Learned a level 3 spell: Frozen Ramparts
  2526 | D:4      | Reached XP level 6. HP: 42/42 MP: 6/6
  2651 | D:3      | Became a worshipper of Dithmenos the Shadowed
  2916 | D:4      | Identified the +1 ring mail of the Ecumenical Temple {Harm
                  | rElec rPois Will-}
  3026 | D:5      | Reached skill level 1 in Spellcasting
  3368 | D:5      | Reached XP level 7. HP: 46/46 MP: 8/10
  3557 | D:5      | Found an ornate altar of the Wu Jian Council.
  3639 | D:5      | Found a basalt altar of Yredelemnul.
  3639 | D:5      | Noticed Pikel
  3641 | D:5      | Reached * piety under Dithmenos
  4054 | D:1      | Bought 2 potions of heal wounds for 120 gold pieces
  4054 | D:1      | Bought a potion of lignification for 36 gold pieces
  4054 | D:1      | Bought a potion of might for 48 gold pieces
  4134 | D:5      | Killed Pikel
  4135 | D:5      | Reached skill level 5 in Ranged Weapons
  4135 | D:5      | Reached skill level 5 in Ice Magic
  4135 | D:5      | Reached XP level 8. HP: 45/52 MP: 11/13
  4154 | D:5      | Learned a level 3 spell: Hailstorm
  4824 | D:6      | Noticed Prince Ribbit
  4825 | D:6      | Reached XP level 9. HP: 27/57 MP: 14/16
  5061 | D:6      | Killed Prince Ribbit
  5062 | D:6      | Reached skill level 5 in Spellcasting
  5068 | D:6      | Learned a level 5 spell: Silence
  5233 | D:6      | Noticed Sigmund
  5240 | D:6      | Killed Sigmund
  5241 | D:6      | Reached skill level 1 in Hexes
  5355 | D:6      | Found a staircase to the Ecumenical Temple.
  5361 | Temple   | Found a transporter.
  5361 | Temple   | Found a transporter.
  5361 | Temple   | Found a transporter.
  5361 | Temple   | Found a transporter.
  5361 | Temple   | Entered the Ecumenical Temple
  5590 | D:7      | Found a sand-covered staircase.
  5597 | Ossuary  | Entered an ossuary
  5651 | Ossuary  | Reached ** piety under Dithmenos
  6212 | D:1      | Bought 2 potions of haste for 240 gold pieces
  6212 | D:1      | Bought a potion of berserk rage for 60 gold pieces
  6706 | D:7      | Found a broken altar of Ashenzari.
  7016 | D:8      | Identified the +2 robe of the Baku {Int+3}
  7295 | D:8      | Reached XP level 10. HP: 62/63 MP: 18/18
  7456 | D:8      | Found a sacrificial altar of Ru.
  7638 | D:8      | Reached *** piety under Dithmenos
  8040 | D:9      | Found a staircase to the Lair.
  8058 | D:10     | Entered Level 10 of the Dungeon
  8213 | D:10     | Noticed Snorg
  8222 | D:10     | Mangled by Snorg

Illustrated notes

Levels and vault maps discovered:
D:1:      dpeg_arrival_boxes_within_box, layout_basic, serial_shops, shop,
          minmay_hexomino_c4
D:2:      layout_rooms, nicolae_wormholes
D:3:      wad_lake_hut, layout_rooms, nicolae_dithmenos_shadow_blocks,
          hangedman_abyss_or_decor_stabs, uniq_jessica
D:4:      layout_basic
D:5:      layout_loops_corners, yredelemnul_altar_generic,
          mainiacjoe_overflow_small_starburst, uniq_pikel
D:6:      layout_basic, minmay_temple_entry_enclosed_plants, uniq_sigmund,
          uniq_prince_ribbit1
D:7:      layout_basic, kennysheep_mini, enter_ossuary_1,
          david_defended_altar_orc
D:8:      layout_basic, mainiacjoe_overflow_boulevard, serial_glass,
          glass_columns_b, glass_columns_b
D:9:      corexii_shack_village, layout_irregular_city, david_lair_shrubbed,
          hangedman_incinerator
D:10:     nzn_winding_woodlands_small [nzn_winding_woodlands_5x15_split_checker,
          nzn_winding_woodlands_center_diamonds,
          nzn_winding_woodlands_5x15_cabin], layout_loops_ring, uniq_snorg
Temple:   hellmonk_temple_divided_pantheon

Skill      XL: |  1  2  3  4  5  6  7  8  9 10 |
---------------+-------------------------------+-----
Stealth        | 7 8 9 |  9.0
Ice Magic      | 1 2 3 5 7 |  7.0
Ranged Weapons | 2 3 5 7 |  7.9
Spellcasting   | 2 3 4 5 6 |  6.0
Hexes          | 4 |  4.7
Fighting       | |  3.2
Polearms       | |  2.0
Dodging        | |  2.0

Action                     |  1- 3 |  4- 6 |  7- 9 | 10-12 || total
---------------------------+-------+-------+-------+-------++-------
  Melee: Spear             |    42 |    85 |       |       ||   127
         Constrict         |     9 |    22 |       |       ||    31
         Tentacles         |     8 |     8 |       |       ||    16
         Punch             |     2 |     1 |       |       ||     3
         Shortbow          |       |     1 |       |       ||     1
   Fire: Shortbow          |       |    86 |   220 |    41 ||   347
  Throw: Boomerang         |       |     2 |       |       ||     2
   Cast: Freeze            |     1 |       |    10 |       ||    11
         Frozen Ramparts   |       |     1 |     7 |     3 ||    11
         Hailstorm         |       |       |     1 |     3 ||     4
    Use: Scroll            |     1 |       |    11 |     1 ||    13
         Potion            |       |       |     1 |       ||     1
   Stab: Sleeping          |     3 |    16 |       |       ||    19
 Armour: Skin              |    19 |    66 |    60 |    23 ||   168
  Dodge: Dodged            |    15 |   107 |   100 |    46 ||   268

Table legend: (Time is in decaauts)
 A = Elapsed time spent in this place.
 B = Non-inter-level travel time spent in this place.
 C = Inter-level travel time spent in this place.
 D = Time resting spent in this place.
 E = Time spent auto-exploring this place.
 F = Levels seen in this place.
 G = Mean time per level.
                   A        B        C        D        E       F      G
               +--------+--------+--------+--------+--------+-----+--------+
         Total |   8463 |   7759 |    704 |   1247 |   4333 |  12 |  705.2 |
       Dungeon |   8126 |   7422 |    704 |   1132 |   4284 |  10 |  812.6 |
        Temple |      1 |      1 |      0 |      0 |      0 |   1 |    1.0 |
       Ossuary |    335 |    335 |      0 |    115 |     49 |   1 |  335.0 |
               +--------+--------+--------+--------+--------+-----+--------+

Top non-repeatable levels by time:
     D:5: 1440 daAuts
     D:6: 1233 daAuts
     D:8: 992 daAuts
     D:7: 989 daAuts
     D:1: 907 daAuts
     D:4: 801 daAuts
     D:3: 775 daAuts
     D:2: 725 daAuts
 Ossuary: 335 daAuts
     D:9: 221 daAuts
    D:10: 39 daAuts
  Temple: 1 daAuts
